 Dungeon Crawl Stone Soup version 0.28.0-53-g5a82cb258f (webtiles) character file.

Game seed: 7683240299973125536

64 Sin92 the Skirmisher (level 3, 0/29 HPs)
             Began as a Demonspawn Fighter on June 6, 2022.
             Killed from afar by Natasha (1 damage)
             ... with a magic dart
             ... on level 2 of the Dungeon.
             The game lasted 00:00:59 (1191 turns).

Sin92 the Skirmisher (Demonspawn Fighter)           Turns: 1191, Time: 00:00:59

Health: 0/29       AC:  6    Str: 18    XL:     3   Next: 91%
Magic:  3/3        EV:  9    Int:  9    God:
Gold:   39         SH:  8    Dex: 12    Spells: 2/2 levels left

rFire   . . .      SeeInvis .   a - +0 flail
rCold   . . .      Faith    .   c - +0 buckler
rNeg    . . .      Spirit   .   b - +0 scale mail
rPois   .          Reflect  .   (helmet restricted)
rElec   .          Harm     .   (no cloak)
rCorr   .          Rampage  .   (no gloves)
Will    .....                   (no boots)
Stlth   ..........              (no amulet)
HPRegen 0.09/turn               (no ring)
MPRegen 0.08/turn               (no ring)

@: mighty, brilliant
A: antennae 1, condensation shield, claws 1, mutation resistance 1, MP-powered
wands
a: no special abilities


You were on level 2 of the Dungeon.
You visited 1 branch of the dungeon, and saw 2 of its levels.

You collected 39 gold pieces.

Inventory:

Hand Weapons
 a - a +0 flail (weapon)
Armour
 b - a +0 scale mail (worn)
 c - a +0 buckler (worn)
Scrolls
 e - 3 scrolls of fear {unknown}
 h - 3 scrolls of identify {unknown}
 i - a scroll of amnesia {unknown}
Potions
 f - a potion of mutation


   Skills:
 + Level 3.3 Fighting
 * Level 2.6 Maces & Flails
 + Level 3.0 Armour
 + Level 1.1 Dodging
 + Level 3.0 Shields


You had 2 spell levels left.
You didn't know any spells.
Your spell library contained the following spells:

 Spells                   Type           Power      Damage    Failure   Level
 Call Canine Familiar     Summ           0%         N/A       99%         3
 Portal Projectile        Hex/Tloc       0%         N/A       99%         3
 Leda's Liquefaction      Hex/Erth       0%         N/A       100%        4


Dungeon Overview and Level Annotations

Branches:
Dungeon (2/15)

Altars:

Annotations:
D:2 Natasha


Innate Abilities, Weirdness & Mutations

You have a pair of small antennae on your head.
A meltable shield of frost defends you. (SH +4)
You have sharp fingernails.
You are somewhat resistant to further mutation.
You expend magic power (3 MP) to strengthen your wands.


Message History

There are monsters nearby!
You are too injured to fight recklessly!
Unknown command.
You are too injured to fight recklessly!
Unknown command.
You block the worm's attack. Natasha barely misses you.
It was a potion of mutation.
You feel extremely strange.
Your fingernails lengthen.
You feel your magical essence link to the dungeon's wands.
You feel genetically stable. You block Natasha's attack.
You feel very mighty all of a sudden. Natasha claws you but does no damage.
You barely miss Natasha.
Natasha mumbles some strange words.
Natasha's front paws start to glow.
Natasha claws you.
* * * LOW HITPOINT WARNING * * *
You barely miss Natasha. You block Natasha's attack.
Natasha claws you but does no damage.
You thump Natasha!
Natasha is severely wounded.
Natasha howls an incantation.
Natasha glows brightly for a moment.
Natasha claws you.
* * * LOW HITPOINT WARNING * * *
You hit Natasha but do no damage.
Natasha is severely wounded.
Natasha misses you.
Unknown command.
It was a potion of brilliance.
You feel clever all of a sudden. Natasha claws you.
* * * LOW HITPOINT WARNING * * *
You completely miss Natasha.
Natasha is severely wounded.
Natasha claws you but does no damage. Natasha casts a spell at you.
The magic dart hits you.
You die...

# #######... #.<.....#
#......... ##
#..####.##.# #.. #..#
#.##.# #.# ...#
#.##.###.###
##.####.......?..#
##.#...........#@#
..†.....##^##..#h#####.#
####.##.##.#†...w.......
####.##.##...).#.#####..
..)....†...........#
####)#..#####......#
#.#.## #......... #.#.#
#......### #.#.#
#......#


You could see a worm and Natasha.

Vanquished Creatures
  Natasha (D:2)
  2 adders (D:2)
  A dart slug (D:1)
  An endoplasm (D:1)
  A goblin (D:2)
  A hobgoblin (D:1)
  5 jackals (D:1)
  A kobold (D:1)
  3 ball pythons
  2 bats (D:1)
  A rat (D:1)
19 creatures vanquished.

Notes
Turn   | Place    | Note
-------+----------+-------------------------------------------
     0 | D:1      | Sin92 the Demonspawn Fighter began the quest for the Orb.
     0 | D:1      | Reached XP level 1. HP: 18/18 MP: 1/1
   245 | D:1      | Gained mutation: You have a pair of small antennae on your
                  | head. [demonic ancestry]
   245 | D:1      | Reached XP level 2. HP: 8/24 MP: 2/2
  1084 | D:2      | Gained mutation: A meltable shield of frost defends you.
                  | (SH +4) [demonic ancestry]
  1084 | D:2      | Reached XP level 3. HP: 24/29 MP: 3/3
  1142 | D:2      | Noticed Natasha
  1146 | D:2      | Killed Natasha
  1147 | D:2      | Reached skill level 1 in Dodging
  1178 | D:2      | Noticed Natasha
  1184 | D:2      | Gained mutation: You have sharp fingernails. [potion of
                  | mutation]
  1184 | D:2      | Gained mutation: You expend magic power (3 MP) to
                  | strengthen your wands. [potion of mutation]
  1184 | D:2      | Gained mutation: You are somewhat resistant to further
                  | mutation. [potion of mutation]
  1190 | D:2      | HP: 1/29 [Natasha (1)]
  1191 | D:2      | Killed from afar by Natasha

Illustrated notes

Levels and vault maps discovered:
D:1:      heliophobic_arrival_glass_houses, layout_basic, minmay_misc_feat_five,
          minmay_split_cup_small
D:2:      layout_loops_ring, basic_altar, basic_ecumenical_altar, uniq_natasha

Skill      XL: |  1  2  3 |
---------------+----------+-----
Maces & Flails | 2 |  2.6
Armour         | 3 |  3.0
Dodging        | 1 |  1.1
Shields        | 3 |  3.0
Fighting       | |  3.3

Action                   || total
-------------------------++-------
Melee: Flail             ||    76
  Use: Potion            ||     3
Armor: Scale mail        ||    43
Dodge: Dodged            ||    51
Block: Buckler           ||    18
